[Event "Titled Tuesday Blitz July 26 Early 2022"]
[White "Tanaka, Taira Tyler"]
[Black "Nazari, Arad"]
[WhiteFideId "7002351"]
[BlackFideId "12577324"]
[WhiteElo "2508"]
[BlackElo "2129"]
[Result "0-1"]
[Round "03"]
[TimeControl "180+1"]
[Date "2022.07.27"]
[WhiteClock "0:00:01"]
[BlackClock "0:01:05"]

1. e4 c5 2. Nf3 d6 3. Bb5+ Nd7 4. O-O a6 5. Bd3 b5 6. c3 Bb7 7. Re1 Ngf6 8. Bc2 e6 9. d4 Be7 10. Qe2 Qc7 11. a4 c4 12. axb5 axb5 13. Rxa8+ Bxa8 14. h3 e5 15. Na3 Qa5 16. d5 O-O 17. Be3 Bd8 18. Ra1 Bb6 19. Bxb6 Qxb6 20. Nd2 Bb7 21. b3 cxb3 22. Bxb3 Ra8 23. Qf1 Nc5 24. Bc2 h6 25. Qb1 Ra5 26. Nac4 Rxa1 27. Nxb6 Rxb1+ 28. Bxb1 Kf8 29. f3 Ke7 30. Bc2 Kd8 31. c4 Kc7 32. cxb5 Kxb6 33. Nc4+ Kc7 34. b6+ Kd7 35. Na5 Ke8 36. Ba4+ Nxa4 37. Nxb7 Ke7 38. Na5 Nxb6 39. Kf2 g5 40. g3 Nh5 41. Nc6+ Kd7 42. Nb8+ Ke8 43. Nc6 f5 44. exf5 Nxd5 45. Na7 Kd7 46. Nb5 Nhf6 47. h4 gxh4 48. gxh4 Ne7 49. f4 Nxf5 50. fxe5 dxe5 51. Kf3 Nxh4+ 52. Kg3 Nf5+ 53. Kf3 h5 54. Nc3 Ke6 55. Ne2 Nd4+ 56. Nxd4+ exd4 57. Kg3 Ke5 58. Kf3 h4 59. Ke2 h3 60. Kf1 d3 61. Kg1 Ng4 62. Kf1 Ke4 63. Ke1 h2 64. Kd2 Kd4 0-1


[Site "https://www.chess.com"]

[Event "Titled Tuesday Blitz July 26 Early 2022"]
[White "Timofeev, Artyom"]
[Black "Kozlov, Oleg"]
[WhiteFideId "4140419"]
[BlackFideId "4104544"]
[WhiteElo "2578"]
[BlackElo "2132"]
[Result "1-0"]
[Round "03"]
[TimeControl "180+1"]
[Date "2022.07.27"]
[WhiteClock "0:00:53"]
[BlackClock "0:00:09"]

1. e4 c6 2. Nf3 d5 3. d3 g6 4. Nbd2 Bg7 5. g3 e5 6. Bg2 Ne7 7. O-O O-O 8. Re1 Bg4 9. h3 Bxf3 10. Nxf3 Nd7 11. a4 a5 12. Be3 h6 13. Qc1 Kh7 14. c3 f5 15. h4 Qc7 16. b4 f4 17. Bd2 fxg3 18. fxg3 axb4 19. cxb4 d4 20. Rf1 Rac8 21. Bh3 Rcd8 22. Kg2 Nf6 23. a5 Ne8 24. b5 cxb5 25. Qb2 Nd6 26. Bb4 Nc6 27. Bxd6 Rxd6 28. Qxb5 Ra8 29. h5 g5 30. Nd2 Rdd8 31. Nc4 Rf8 32. Rxf8 Rxf8 33. Rb1 Rf7 34. Be6 Re7 35. Bf5+ Kh8 36. Qc5 Bf8 37. Qd5 Qd8 38. Kh3 Qxd5 39. exd5 Nd8 40. d6 Rf7 41. Be4 Rf6 42. d7 Re6 43. Bxb7 Re7 44. a6 Rxd7 45. a7 1-0


[Site "https://www.chess.com"]

[Event "Titled Tuesday Blitz July 26 Early 2022"]
[White "Turzo, Attila"]
[Black "Mamedov, Edgar"]
[WhiteFideId "704954"]
[BlackFideId "13739980"]
[WhiteElo "2462"]
[BlackElo "2107"]
[Result "1-0"]
[Round "03"]
[TimeControl "180+1"]
[Date "2022.07.27"]
[WhiteClock "0:00:18"]
[BlackClock "0:00:08"]

1. e4 c6 2. d4 d5 3. e5 c5 4. dxc5 e6 5. a3 Nc6 6. Nf3 Bxc5 7. b4 Bb6 8. Bb2 f6 9. Bd3 fxe5 10. Nxe5 Nf6 11. O-O O-O 12. Nd2 a5 13. c4 axb4 14. Nxc6 bxc6 15. axb4 Rxa1 16. Bxa1 Bc7 17. Nf3 Qe7 18. Qe1 Ba6 19. b5 cxb5 20. cxb5 Bb7 21. Be5 Bb6 22. Qe2 Ne4 23. Bxe4 dxe4 24. Nd4 Bxd4 25. Bxd4 Qg5 26. Be3 Qd5 27. Rd1 Qb3 28. b6 Ba6 29. Qd2 Bd3 30. h3 Ra8 31. Rc1 h5 32. Qc3 Qxc3 33. Rxc3 Rb8 34. Rc7 e5 35. Re7 Ba6 36. Rxe5 Bb7 37. Rxh5 Rc8 38. Rc5 Rxc5 39. Bxc5 Kf7 40. Kf1 Ke6 41. Ke2 Kd5 42. Be3 Kc6 43. f4 exf3+ 44. Kxf3 Kd6+ 45. Kf2 Ke6 46. g4 Ke5 47. Kg3 g6 48. h4 Be4 49. Bf4+ Kf6 50. Bc7 Bb7 51. Kf4 Bc6 52. Bd8+ Ke6 53. Kg5 Kf7 54. h5 gxh5 55. gxh5 Kg7 56. Kf5 Bf3 57. Kg5 Bb7 58. h6+ Kh7 59. Bf6 Ba8 60. Bg7 Kg8 61. Kf6 Bh1 62. Ke7 Bg2 63. Kd6 Kf7 64. Kc7 Ba8 65. b7 Bxb7 66. Kxb7 Kg6 67. Kc6 Kh7 68. Kd6 Kg8 69. Ke5 Kh7 70. Kf5 Kg8 71. Kg5 Kh7 72. Bd4 Kg8 73. Kg6 Kf8 74. h7 Ke7 75. h8=Q Ke6 76. Qe5+ Kd7 77. Qf6 1-0


[Site "https://www.chess.com"]

[Event "Titled Tuesday Blitz July 26 Early 2022"]
[White "Visakh N R"]
[Black "Zemlyanskii, Ivan"]
[WhiteFideId "25012223"]
[BlackFideId "24249971"]
[WhiteElo "2448"]
[BlackElo "1815"]
[Result "1/2-1/2"]
[Round "03"]
[TimeControl "180+1"]
[Date "2022.07.26"]
[WhiteClock "0:02:22"]
[BlackClock "0:01:09"]

1. e4 c5 2. Nf3 e6 3. b3 Nc6 4. Bb2 a6 5. g3 Qc7 6. Bg2 d6 7. O-O Nf6 8. Re1 e5 9. c3 Bg4 10. d4 cxd4 11. cxd4 exd4 12. Bxd4 Nxd4 13. Qxd4 Be7 14. Nc3 O-O 15. Rac1 Qa5 16. Nd5 Nxd5 17. exd5 Bxf3 18. Rxe7 Bxg2 19. Kxg2 Qxa2 20. Rxb7 Qe2 21. Rcc7 Rae8 22. Qf4 Qe5 23. Qxe5 Rxe5 24. Rc6 Rxd5 25. Rxa6 g6 26. b4 Rc8 27. Ra2 Rc1 28. Rb2 Rdd1 29. Rd7 Rb1 30. Rxb1 Rxb1 31. Rxd6 Rxb4 32. h4 1/2-1/2


[Site "https://www.chess.com"]

[Event "Titled Tuesday Blitz July 26 Early 2022"]
[White "Vivekananthan, Anish"]
[Black "Araujo Sanchez, Josue"]
[WhiteFideId "2090775"]
[BlackFideId "6416896"]
[WhiteElo "2788"]
[BlackElo "2358"]
[Result "1-0"]
[Round "03"]
[TimeControl "180+1"]
[Date "2022.07.26"]
[WhiteClock "0:00:19"]
[BlackClock "0:00:10"]

1. d4 Nf6 2. c4 e6 3. Nf3 Bb4+ 4. Bd2 a5 5. Bxb4 axb4 6. e3 O-O 7. Bd3 b6 8. O-O Bb7 9. a3 c5 10. Nbd2 bxa3 11. bxa3 Nc6 12. Qb3 d6 13. Rfb1 Nd7 14. Ne4 Qc7 15. Qc3 h6 16. h3 Rfc8 17. Ng3 cxd4 18. exd4 Na5 19. Nd2 d5 20. Nh5 dxc4 21. Be4 Bd5 22. Re1 Qd6 23. Qf3 Nf8 24. Qg4 g6 25. Bxd5 exd5 26. Nf3 Nc6 27. Ne5 Nxe5 28. dxe5 Qe6 29. Nf6+ Kg7 30. Qd4 c3 31. Qxd5 c2 32. Rec1 Ra5 33. Qxe6 Nxe6 34. Nd7 Rd5 35. Nxb6 Rdc5 36. Nxc8 Rxc8 37. Ra2 Nd4 38. Kf1 Rc3 39. a4 Rd3 40. Ke1 Rc3 41. a5 Rc7 42. a6 Ra7 43. Ra4 Nc6 44. f4 Nb8 45. Rxc2 Rxa6 46. Rxa6 Nxa6 47. Rc4 Nb8 48. Rc7 Kf8 49. Rc8+ 1-0


[Site "https://www.chess.com"]

[Event "Titled Tuesday Blitz July 26 Early 2022"]
[White "Wagner, Dennis"]
[Black "Valmana Canto, Jaime"]
[WhiteFideId "24650684"]
[BlackFideId "2268990"]
[WhiteElo "2355"]
[BlackElo "2256"]
[Result "1-0"]
[Round "03"]
[TimeControl "180+1"]
[Date "2022.07.27"]
[WhiteClock "0:01:00"]
[BlackClock "0:00:33"]

1. e4 c5 2. Nf3 Nc6 3. Bb5 Nf6 4. Nc3 Qc7 5. O-O Nd4 6. Re1 a6 7. Bf1 Ng4 8. g3 Nxf3+ 9. Qxf3 Ne5 10. Qe2 e6 11. d3 d6 12. f4 Nc6 13. Qf2 Be7 14. f5 O-O 15. Bh3 Bf6 16. Kh1 b5 17. Rf1 Qe7 18. Be3 Bb7 19. Rae1 Bd4 20. Kg1 b4 21. Nd1 Rac8 22. c3 Bxe3 23. Nxe3 Ne5 24. Ng4 Nxd3 25. Qe3 Nxe1 26. f6 gxf6 27. Nxf6+ 1-0


[Site "https://www.chess.com"]

[Event "Titled Tuesday Blitz July 26 Early 2022"]
[White "Xu, Yi"]
[Black "Nakamura, Hikaru"]
[WhiteFideId "8605564"]
[BlackFideId "2016192"]
[WhiteElo "2471"]
[BlackElo "2850"]
[Result "0-1"]
[Round "03"]
[TimeControl "180+1"]
[Date "2022.07.26"]
[WhiteClock "0:00:01"]
[BlackClock "0:01:02"]

1. e4 g6 2. d4 Bg7 3. Nc3 a6 4. f4 c6 5. Nf3 d5 6. e5 Bg4 7. h3 Bxf3 8. Qxf3 e6 9. Be3 h5 10. g3 Nd7 11. O-O-O Ne7 12. g4 Rc8 13. Bd3 c5 14. dxc5 Nxc5 15. Bxc5 Rxc5 16. Ne2 Nc6 17. Kb1 Qb6 18. Qe3 g5 19. fxg5 Nxe5 20. c3 hxg4 21. hxg4 Rxh1 22. Rxh1 Rc6 23. Qg3 Nxd3 24. Qxd3 Qb5 25. Qe3 Qc4 26. Rh7 Kf8 27. g6 fxg6 28. Nf4 e5 29. Nd3 Qxg4 30. a3 Qe4 31. Qg3 d4 32. cxd4 Qxd4 33. Qf3+ Kg8 0-1


[Site "https://www.chess.com"]

[Event "Titled Tuesday Blitz July 26 Early 2022"]
[White "Yuan, Qingyu"]
[Black "Kupervaser, Erez"]
[WhiteFideId "8609772"]
[BlackFideId "2814587"]
[WhiteElo "2359"]
[BlackElo "1832"]
[Result "1/2-1/2"]
[Round "03"]
[TimeControl "180+1"]
[Date "2022.07.26"]
[WhiteClock "0:00:49"]
[BlackClock "0:00:42"]

1. e4 c5 2. Nf3 Nc6 3. Bc4 e6 4. O-O a6 5. d4 d5 6. exd5 exd5 7. Re1+ Be7 8. Bf1 Nf6 9. dxc5 O-O 10. Be3 Ng4 11. Bd4 Nxd4 12. Qxd4 Qc7 13. Qd2 Bxc5 14. Re2 Bf5 15. h3 Nxf2 16. Rxf2 Qb6 17. c3 Rae8 18. Nd4 Qg6 19. Na3 Be4 20. Nac2 Qg3 21. Qf4 Qxf4 22. Rxf4 Bxc2 23. Kh1 Be4 24. Rd1 g5 25. Rf2 f5 26. Rfd2 Rf6 27. c4 g4 28. Kh2 gxh3 29. g3 f4 30. gxf4 Bd6 31. Ne2 Bf3 32. cxd5 Rxf4 33. Nxf4 Bxf4+ 34. Kxh3 Re5 35. Rg2+ Kf7 36. Rg4 Rh5+ 37. Rh4 Rxh4+ 38. Kxh4 Bxd1 39. Bd3 h6 40. Be4 Bd6 41. b3 Kf6 42. Bf3 Ke5 43. Bxd1 Kxd5 44. Bf3+ Kc5 45. Bxb7 a5 46. Kh5 Bf4 47. Kg4 Bc1 48. Be4 Kb4 49. Kh5 Ka3 50. Bd5 Kb4 51. Be6 Bd2 52. Bg8 Be3 53. Bf7 Bd2 54. Kg4 Bc1 55. Kf3 Bd2 56. Ke2 Bg5 57. Kd1 Bf6 58. Kc2 Be5 59. Kb1 Bf6 60. Kc2 Be5 61. Kd2 Bf6 62. Kd3 Be5 63. Ke3 Bf6 64. Kf4 Bg5+ 65. Ke4 Bc1 66. Kd5 Bd2 67. Kc6 Bc1 68. Kb6 Bd2 69. Ka6 Bc1 70. Kb7 Be3 71. Bg6 Bd2 72. Bf7 Be3 73. Kc6 Bd2 74. Kd6 Be3 75. Ke5 Bd2 76. Ke4 Bc1 77. Kd3 Bg5 78. Kc2 Bf6 79. Kb1 Be5 80. Kc2 Bf6 81. Kd2 Be5 82. Ke3 Bf6 83. Ke4 Bg5 84. Kf5 Bc1 85. Kg6 Bd2 86. Be6 Bc1 87. Kf5 Bd2 88. Ke4 Bc1 89. Kd3 Bg5 90. Kd4 Bf6+ 91. Kd5 Bg5 92. Kc6 Be3 93. Kb7 Bd2 94. Ka6 Be3 95. a3+ Kxa3 96. Kxa5 Bd2+ 97. Kb5 Be1 98. Bf7 Bd2 99. Kc4 Be1 100. Kd3 Bb4 101. Ke2 Be7 102. Kf3 Kb4 103. Kg4 Bg5 104. Kh5 Bc1 105. Kg6 Bd2 106. Kf5 Bc1 107. Ke4 Bd2 108. Kd3 Bg5 109. Ke4 Bc1 110. Kd4 Bd2 111. Kd3 Bg5 112. Ke2 Bc1 113. Kd3 Bg5 1/2-1/2


[Site "https://www.chess.com"]

[Event "Titled Tuesday Blitz July 26 Early 2022"]
[White "Zierk, Steven"]
[Black "Harshavardhan G B"]
[WhiteFideId "2034255"]
[BlackFideId "25059009"]
[WhiteElo "2494"]
[BlackElo "1831"]
[Result "1-0"]
[Round "03"]
[TimeControl "180+1"]
[Date "2022.07.26"]
[WhiteClock "0:00:07"]
[BlackClock "0:00:07"]

1. e4 e5 2. Nf3 Nc6 3. Bc4 Nf6 4. d3 Bc5 5. O-O O-O 6. h3 d5 7. exd5 Nxd5 8. Re1 Nb6 9. Bb3 Qf6 10. Nbd2 Qg6 11. Ne4 Be7 12. Ng3 Bd6 13. Nh4 Qf6 14. Qh5 g6 15. Ne4 Qg7 16. Qh6 Be7 17. Nf3 Bd7 18. Bg5 Rae8 19. Qh4 Bxg5 20. Nfxg5 h6 21. Nxf7 Rxf7 22. Nf6+ Kf8 23. Nxe8 Bxe8 24. Bxf7 Bxf7 25. Re3 g5 26. Qg4 Ke7 27. d4 Be6 28. Qg3 exd4 29. Qxc7+ Nd7 30. Rxe6+ Kxe6 31. Re1+ Nce5 32. Qxb7 Qf6 33. Qxa7 Qf4 34. Qc7 Qd2 35. Qc4+ Kd6 36. Qe2 Qa5 37. a3 h5 38. Rd1 Qb6 39. Qxh5 Qxb2 40. Qxg5 Nc5 41. Qd2 Ne6 42. Qb4+ Qxb4 43. axb4 Kc6 44. Re1 Kd5 45. h4 Nf4 46. Kf1 Nc4 47. Rd1 Ne6 48. h5 Ke5 49. h6 Kf6 50. Ra1 Nf4 51. g3 Nd5 52. Ra6+ Kf7 53. b5 Ndb6 54. g4 Kg6 55. g5 Kh7 56. Ke2 Kg6 57. f4 Kh7 58. Kd3 Kg6 59. Kxd4 Kh7 60. Kc5 Kg6 61. Rxb6+ Nxb6 62. Kxb6 Kh7 63. c4 Kg6 64. c5 Kh7 65. c6 Kg6 66. c7 Kf5 67. h7 Ke4 68. h8=Q Kf3 69. c8=Q Kg3 70. Qhh3+ Kf2 71. Qc2+ Ke1 72. Qh1# 1-0


[Site "https://www.chess.com"]

[Event "Titled Tuesday Blitz July 26 Early 2022"]
[White "Aaditya Dhingra"]
[Black "Sadubayev, Airat"]
[WhiteFideId "25678191"]
[BlackFideId "13713264"]
[WhiteElo "1849"]
[BlackElo "2163"]
[Result "0-1"]
[Round "04"]
[TimeControl "180+1"]
[Date "2022.07.27"]
[WhiteClock "0:00:11"]
[BlackClock "0:00:14"]

1. c4 c6 2. Nf3 Nf6 3. g3 d5 4. Bg2 e6 5. O-O Nbd7 6. b3 Bd6 7. Bb2 O-O 8. d4 b6 9. Nbd2 Bb7 10. Re1 c5 11. cxd5 Nxd5 12. e4 Nb4 13. Nc4 Be7 14. a3 Na6 15. dxc5 Ndxc5 16. b4 Nd3 17. Bd4 Nxe1 18. Qxe1 Rc8 19. Ne3 Bxe4 20. Rd1 Qe8 21. Ng4 Bc6 22. Qe5 f6 23. Qxe6+ Qf7 24. Qe2 Rfe8 25. Qxa6 Qb3 26. Ne3 Bf8 27. Nd2 Qf7 28. Bxc6 Rxc6 29. Qb5 Rcc8 30. Ndc4 Red8 31. Nb2 Rd7 32. Qf1 h5 33. h4 Qe6 34. Nbc4 Rcd8 35. Ba1 Rxd1 36. Nxd1 Rxd1 37. Qxd1 Qxc4 38. Bd4 Qd5 39. Qd2 Bd6 40. Be3 Qxd2 41. Bxd2 b5 42. Kf1 Kf7 43. Be3 a6 44. Ke2 Ke6 45. Kd3 Kd5 46. Bd2 Be7 47. Bc3 g5 48. hxg5 fxg5 49. f4 gxf4 50. gxf4 h4 51. Be1 Bf6 52. Bf2 h3 53. Bg3 Bb2 54. f5 Bxa3 55. Kc3 Bc1 56. Kd3 Bg5 57. Ke2 Bf6 58. Kf3 Be5 59. Kg4 h2 60. Bxh2 Bxh2 0-1


[Site "https://www.chess.com"]

[Event "Titled Tuesday Blitz July 26 Early 2022"]
[White "Abdrlauf, Elham"]
[Black "Abdyzhapar, Asylbek"]
[WhiteFideId "1533533"]
[BlackFideId "13800337"]
[WhiteElo "2429"]
[BlackElo "2323"]
[Result "0-1"]
[Round "04"]
[TimeControl "180+1"]
[Date "2022.07.26"]
[WhiteClock "0:00:02"]
[BlackClock "0:00:57"]

1. e4 c6 2. d4 d5 3. Nc3 dxe4 4. Nxe4 Nf6 5. Nxf6+ exf6 6. c3 Bd6 7. Bd3 O-O 8. Qc2 Re8+ 9. Ne2 h5 10. O-O h4 11. Bf4 Bf8 12. h3 Nd7 13. Rfe1 Nb6 14. c4 Be6 15. Rad1 Qc8 16. b3 a5 17. Nc3 Bb4 18. Re3 a4 19. Nxa4 Nxa4 20. bxa4 Rd8 21. Qb3 Bf8 22. Be4 g5 23. Bh2 f5 24. Bc2 f4 25. Red3 Bg7 26. f3 Qc7 27. Kh1 Bf5 28. R3d2 Bxc2 29. Qxc2 Qa5 30. d5 cxd5 31. cxd5 Qc3 32. Qf5 Qf6 33. Qxf6 Bxf6 34. Bg1 Rxa4 35. Bb6 Rd7 36. d6 Ra6 37. Bc7 Kg7 38. Rb1 Ra7 39. Kh2 Kg6 40. Rb5 Bg7 41. Rb6 Be5 42. Rb5 f6 43. Rb3 Kf5 44. Rb5 Ke6 45. Rb6 Bc3 46. Re2+ Kf7 47. Rb3 Bd4 48. Rd3 Be5 49. Rc2 Ra4 50. Bb8 Ra6 51. Rc7 Ke6 52. Rc8 Rc6 53. Re8+ Kf7 54. Rh8 Kg7 55. Re8 Kf7 56. Rh8 Rc1 57. Rd2 Ke6 58. Re8+ Kf7 59. Rh8 Rb1 60. Bc7 Bc3 61. Re2 Bd4 62. Rh7+ Kg6 63. Rxd7 Bg1+ 64. Kh1 Bf2+ 65. Re1 Rxe1+ 66. Kh2 Bg3# 0-1


[Site "https://www.chess.com"]

[Event "Titled Tuesday Blitz July 26 Early 2022"]
[White "Agasarov, Benik"]
[Black "Vagman, Roy"]
[WhiteFideId "13314823"]
[BlackFideId "2828995"]
[WhiteElo "2712"]
[BlackElo "1956"]
[Result "1-0"]
[Round "04"]
[TimeControl "180+1"]
[Date "2022.07.27"]
[WhiteClock "0:00:16"]
[BlackClock "0:00:13"]

1. Nf3 Nf6 2. b3 g6 3. Bb2 Bg7 4. e3 O-O 5. Be2 d6 6. d4 b6 7. O-O Bb7 8. c4 Nbd7 9. a3 Qe8 10. Nc3 e5 11. Nb5 e4 12. Nd2 Qd8 13. f3 a6 14. Nc3 Bh6 15. f4 Qe7 16. g4 g5 17. fxg5 Bxg5 18. d5 Bxe3+ 19. Kh1 c6 20. g5 Bxg5 21. Rg1 h6 22. h4 Nxd5 23. cxd5 cxd5 24. hxg5 hxg5 25. Nf1 Qe5 26. Qd2 e3 27. Nxe3 d4+ 28. Ncd5 Bxd5+ 29. Nxd5 Qxd5+ 30. Rg2 Kg7 31. Qxg5+ Qxg5 32. Rxg5+ Kf6 33. Rg3 Rh8+ 34. Kg2 Ne5 35. Bxd4 Rac8 36. Rf1+ Ke6 37. Bxe5 dxe5 38. Bg4+ Ke7 39. Bxc8 Rxc8 40. Re3 f6 41. Kg3 Ke6 42. Ref3 Rg8+ 43. Kf2 f5 44. Ke2 f4 45. Kd3 Rd8+ 46. Ke2 Kf5 47. R3f2 Rc8 48. Rd1 Ke4 49. Ke1 Rc3 50. Re2+ Kf5 51. Rd5 Rxb3 52. Rdxe5+ Kg4 53. a4 Kf3 54. Rf2+ Kg3 55. Rg5+ Kh4 56. Rg8 Rb1+ 57. Ke2 Rb2+ 58. Kf3 Rb3+ 59. Kxf4 Rb4+ 60. Kf5 Kh3 61. Rf3+ Kh2 62. Rf4 Rb3 63. Rh4+ Rh3 64. Rxh3+ Kxh3 65. Rg6 b5 66. Rxa6 b4 67. Rb6 b3 68. Rxb3+ Kg2 69. Ke4 Kf2 70. a5 Ke2 71. Kd4 Kd2 72. Kc4 Kc2 73. a6 Kc1 74. a7 Kc2 75. a8=Q Kc1 76. Qa2 Kd1 77. Rb1# 1-0


[Site "https://www.chess.com"]

[Event "Titled Tuesday Blitz July 26 Early 2022"]
[White "Ambartsumova, Karina"]
[Black "Xu, Yi"]
[WhiteFideId "4166299"]
[BlackFideId "8605564"]
[WhiteElo "2262"]
[BlackElo "2471"]
[Result "0-1"]
[Round "04"]
[TimeControl "180+1"]
[Date "2022.07.26"]
[WhiteClock "0:00:06"]
[BlackClock "0:00:08"]

1. Nf3 d5 2. d4 Nf6 3. c4 e6 4. Nc3 c6 5. cxd5 exd5 6. Bg5 Be7 7. e3 Nbd7 8. Qc2 Nf8 9. Bd3 Ne6 10. Bh4 g6 11. h3 Nh5 12. Bxe7 Qxe7 13. O-O-O Bd7 14. Kb1 Nf6 15. g4 h6 16. Ne5 O-O-O 17. Na4 Kb8 18. Rc1 Rhf8 19. Qb3 Ka8 20. Nc5 Nxc5 21. Rxc5 Be8 22. Ra5 Kb8 23. Rc1 Rc8 24. Rac5 Rh8 25. Nxc6+ Bxc6 26. Rxc6 Rxc6 27. Rxc6 Rc8 28. Rxc8+ Kxc8 29. Qc3+ Qc7 30. Qxc7+ Kxc7 31. Kc2 g5 32. f3 Kd6 33. Kc3 Nd7 34. e4 f6 35. Bc2 Nb6 36. Bb3 dxe4 37. fxe4 Ke7 38. e5 Nd7 39. exf6+ Nxf6 40. Kd3 Kd6 41. Bf7 Kc7 42. b4 Kd6 43. a3 b6 44. Bc4 Kc6 45. Bb3 Kd6 46. Bd1 Kc6 47. Bf3+ Kd6 48. Kc4 Ne8 49. Kb5 Nc7+ 50. Kc4 Ne6 51. Bg2 Nf4 52. Bf1 Kc6 53. a4 Kc7 54. a5 Kc6 55. axb6 axb6 56. b5+ Kd6 57. Kc3 Kd5 58. Bc4+ Ke4 59. Bf7 Ne2+ 60. Kc4 Nxd4 61. Bg6+ Ke5 62. Be8 Ne2 63. Bc6 Nf4 64. Bd7 Nxh3 65. Kd3 Nf4+ 66. Ke3 Nd5+ 67. Kf3 Kd4 68. Bc6 Nc3 69. Be8 Kc5 70. Ke3 Nxb5 71. Bg6 Nd6 72. Bc2 b5 73. Bb3 Kb4 74. Bd5 Kc3 75. Be6 b4 76. Ke2 b3 77. Kd1 b2 78. Ba2 Nf7 79. Ke2 Ne5 80. Bb1 Nxg4 81. Kf3 Ne5+ 82. Ke4 Nc4 83. Kf5 Nd2 84. Ba2 b1=Q+ 85. Bxb1 Nxb1 86. Kg6 g4 0-1


[Site "https://www.chess.com"]

[Event "Titled Tuesday Blitz July 26 Early 2022"]
[White "Amburgy, Ryan"]
[Black "Howell, David W L"]
[WhiteFideId "30924820"]
[BlackFideId "410608"]
[WhiteElo "2066"]
[BlackElo "2559"]
[Result "0-1"]
[Round "04"]
[TimeControl "180+1"]
[Date "2022.07.26"]
[WhiteClock "0:00:18"]
[BlackClock "0:00:12"]

1. d4 d5 2. Nc3 Nf6 3. Bf4 e6 4. Nb5 Bb4+ 5. c3 Ba5 6. a4 a6 7. b4 Bxb4 8. cxb4 axb5 9. axb5 Rxa1 10. Qxa1 Nh5 11. Nh3 Nxf4 12. Nxf4 O-O 13. e3 Qd6 14. Qc3 Nd7 15. Nd3 Nf6 16. f3 Bd7 17. Ne5 Ra8 18. Bd3 Ne8 19. O-O f6 20. Ng4 Qb6 21. Qc5 Nd6 22. Rc1 Bxb5 23. Qxb6 cxb6 24. Nf2 Bc4 25. Kf1 b5 26. Ke1 Ra3 27. Kd2 Bxd3 28. Nxd3 Nc4+ 29. Ke2 Ra2+ 30. Kf1 Nxe3+ 31. Kg1 Rxg2+ 32. Kh1 Rc2 33. Ra1 Nf5 34. Ra8+ Kf7 35. Ra7 Rc7 36. Kg2 Nxd4 37. Kf2 g5 38. Ra8 h5 39. Ke3 e5 40. Rh8 Nf5+ 41. Kd2 h4 42. Nc5 b6 43. Nd3 Kg6 44. Rb8 Nd4 45. Rxb6 Kf5 46. Nc5 Ra7 47. Kd1 Ra1+ 48. Kd2 Ra2+ 49. Kd3 Ra3+ 50. Kd2 Nxf3+ 51. Kc2 Nd4+ 52. Kd2 Rf3 53. Nd7 Kg4 54. Nxf6+ Kh3 55. Nxd5 Kxh2 56. Ne3 Nb3+ 57. Kd3 g4 58. Rh6 h3 59. Rh5 Kg3 60. Ke4 Rxe3+ 61. Kxe3 h2 62. Ke4 Kg2 63. Kxe5 g3 64. Kf4 Nd4 65. Rh4 Ne2+ 66. Kg4 h1=Q 67. Rxh1 Kxh1 0-1


[Site "https://www.chess.com"]

[Event "Titled Tuesday Blitz July 26 Early 2022"]
[White "Aravindh, Chithambaram VR."]
[Black "Lazavik, Denis"]
[WhiteFideId "5072786"]
[BlackFideId "13515110"]
[WhiteElo "2577"]
[BlackElo "2437"]
[Result "0-1"]
[Round "04"]
[TimeControl "180+1"]
[Date "2022.07.26"]
[WhiteClock "0:00:01"]
[BlackClock "0:00:05"]

1. b3 d5 2. Bb2 Nf6 3. e3 c6 4. Nf3 Bf5 5. c4 e6 6. Nc3 h6 7. d4 Nbd7 8. Bd3 Bxd3 9. Qxd3 Be7 10. O-O O-O 11. Rfd1 Re8 12. e4 dxe4 13. Nxe4 Nxe4 14. Qxe4 Qa5 15. a3 Rad8 16. Rd3 Qh5 17. Rad1 Nf6 18. Qe2 Bd6 19. h3 Bf4 20. g3 Bc7 21. Kg2 Rd7 22. Re3 Red8 23. Re1 Ne8 24. Bc3 Qf5 25. Qb2 Qh7 26. a4 Nd6 27. Ne5 Nf5 28. Nxd7 Nxe3+ 29. Rxe3 Rxd7 30. b4 Qf5 31. b5 cxb5 32. axb5 Bb6 33. c5 Bd8 34. Qa2 Bf6 35. Qxa7 Qd5+ 36. Kg1 Bxd4 37. Bxd4 Qxd4 38. Qb8+ Kh7 39. c6 bxc6 40. bxc6 Qd1+ 41. Kh2 Rd2 42. Qf4 Qf1 43. Qe4+ f5 0-1


[Site "https://www.chess.com"]

[Event "Titled Tuesday Blitz July 26 Early 2022"]
[White "Atakhan, Abtin"]
[Black "Altman, Joshua"]
[WhiteFideId "22502203"]
[BlackFideId "426210"]
[WhiteElo "2087"]
[BlackElo "1945"]
[Result "1-0"]
[Round "04"]
[TimeControl "180+1"]
[Date "2022.07.26"]
[WhiteClock "0:00:12"]
[BlackClock "0:00:43"]

1. Nf3 Nf6 2. c4 e6 3. Nc3 Bb4 4. Qc2 O-O 5. a3 Bxc3 6. Qxc3 b6 7. g3 Bb7 8. Bg2 d6 9. d4 Nbd7 10. O-O a5 11. b3 h6 12. Bb2 Qe7 13. Rfe1 Be4 14. b4 Rfc8 15. e3 Rd8 16. Rec1 Rdc8 17. Nd2 Bxg2 18. Kxg2 c5 19. dxc5 dxc5 20. b5 Rd8 21. Qc2 Nf8 22. Nf3 Qb7 23. Bxf6 gxf6 24. e4 Ng6 25. Qe2 f5 26. exf5 exf5 27. Kg1 Re8 28. Qd3 f4 29. Re1 Rad8 30. Rxe8+ Rxe8 31. Rd1 a4 32. Qd5 Qe7 33. Re1 Qd8 34. Re4 Qc8 35. Kg2 Rxe4 36. Qxe4 Qg4 37. h3 Qd7 38. gxf4 Qd1 39. f5 Nf8 40. Ne5 h5 41. Qf4 f6 42. Nf3 Qd3 43. Qg3+ Kf7 44. Ne5+ fxe5 45. Qxd3 1-0


[Site "https://www.chess.com"]

[Event "Titled Tuesday Blitz July 26 Early 2022"]
[White "Balint, Vilmos"]
[Black "Vovk, Orest"]
[WhiteFideId "718050"]
[BlackFideId "14113490"]
[WhiteElo "2059"]
[BlackElo "2203"]
[Result "1/2-1/2"]
[Round "04"]
[TimeControl "180+1"]
[Date "2022.07.27"]
[WhiteClock "0:00:22"]
[BlackClock "0:00:05"]

1. b3 Nf6 2. Bb2 g6 3. f4 Bg7 4. Nf3 Nh5 5. Bxg7 Nxg7 6. g3 O-O 7. Bg2 Nc6 8. e4 d6 9. d4 e5 10. d5 Nb8 11. fxe5 dxe5 12. Nxe5 Qf6 13. Qd4 Re8 14. Nc6 Qxd4 15. Nxd4 f5 16. Nd2 fxe4 17. O-O-O e3 18. Nc4 Nf5 19. Nxf5 Bxf5 20. Rde1 e2 21. Bf3 Nd7 22. Rxe2 Rxe2 23. Bxe2 Be4 24. Rd1 Nf6 25. Ne3 Re8 26. Bb5 Re5 27. Bc4 Kg7 28. d6 cxd6 29. Rxd6 b5 30. Bd3 Bf3 31. Kd2 Rh5 32. h4 a5 33. Rb6 b4 34. Rb7+ Kf8 35. Ra7 Rc5 36. Bc4 Ne4+ 37. Ke1 Nd6 38. Rxh7 Be4 39. Rd7 Nf5 40. Rf7+ Ke8 41. Nxf5 Bxf5 42. Ra7 Bxc2 43. Kf2 Kf8 44. g4 Bb1 45. Ke3 Bxa2 46. Kd4 Rc8 47. Rxa5 Rd8+ 48. Kc5 Bb1 49. Kxb4 Rd4 50. Rg5 Ke7 51. Kc5 Rf4 52. b4 Rf8 53. b5 Rc8+ 54. Kd4 Rd8+ 55. Rd5 Rb8 56. Ke5 Rb6 57. Rc5 Rb8 58. Rc7+ Kf8 59. Kd6 Rd8+ 60. Kc5 Be4 61. b6 Rd2 62. b7 Bxb7 63. Rxb7 Rh2 64. Be6 Rxh4 65. Rf7+ Ke8 66. Rf4 Ke7 67. Re4 Kf6 68. Kd4 Kg5 69. Bd7 Rh2 70. Re5+ Kf4 71. Re4+ Kg5 72. Ke5 Rd2 73. Be6 Rb2 74. Re1 Rb5+ 75. Bd5 Rb4 76. Be6 Rb5+ 77. Kd6 Rb6+ 78. Kd5 Rb5+ 79. Kc4 Ra5 80. Kd4 Ra4+ 81. Kc5 Ra5+ 82. Kd6 Ra6+ 83. Ke7 Ra7+ 84. Bd7 Ra6 85. Re5+ Kh4 86. Re6 Ra4 87. Rxg6 Re4+ 88. Kf7 Rd4 89. Be6 Rf4+ 90. Rf6 Rb4 91. Kg6 Rb5 92. Rf5 Rb6 93. Rh5+ Kg3 94. Kf6 Kf4 95. g5 Rb8 96. Rh4+ Kg3 97. Ra4 Rf8+ 98. Ke7 Ra8 99. g6 Rxa4 100. g7 Ra7+ 101. Bd7 Ra8 102. Be8 Ra7+ 103. Bd7 Ra8 104. Be8 Ra7+ 105. Kf8 Rxg7 106. Kxg7 1/2-1/2


[Site "https://www.chess.com"]